AoeStats
← ESCAPE.exe

Enclosed

506085597Analyzed
1v1 RM · 21d ago on Sep 12, 2026· 47m 39s· 2 players
Game mode
Random Map
Map size
Tiny (2 player)
Population
200
Speed
Normal
Resources
Standard
Victory
Conquest
Starting age
Dark Age
Ending age
Imperial Age
RankedLock teamsTeams togetherTeam positionsShared explorationLock speedFull tech treeHidden civsTurbo modeCheats
Victory
Defeat
🇮🇳 Persians · India
474
+10
🇮🇳 Portuguese · India
341
-10
dadhu
1:33 Loom
11:11 Feudal Age
12:46 Wheelbarrow
13:51 Horse Collar
16:54 Gold Mining
21:00 Stone Mining
21:14 Padded Archer Armor
21:55 Forging
24:50 Castle Age
24:17 Scale Barding Armor
24:06 Fletching
26:12 Hand Cart
25:44 Double-Bit Axe
27:19 Pikeman
28:06 Gambesons
28:48 Town Watch
29:17 Circumnavigation
32:10 Murder Holes
34:12 Bow Saw
39:17 Treadmill Crane
39:30 Guard Tower
40:11 Ballistics
40:14 Fortified Wall
40:12 Crossbowman
44:52 Heated Shot
47:58 Imperial Age
46:35 Husbandry
ESCAPE.exe
10:31 Feudal Age
11:16 Double-Bit Axe
11:15 Horse Collar
16:23 Bloodlines
17:45 Loom
18:35 Wheelbarrow
21:47 Castle Age
23:04 Husbandry
23:12 Scale Barding Armor
23:48 Bow Saw
23:41 Heavy Plow
25:03 Gold Mining
25:05 Stone Mining
30:14 Hand Cart
30:41 Gold Shaft Mining
30:44 Stone Shaft Mining
31:16 Town Watch
34:44 Chain Barding Armor
37:05 Imperial Age
38:09 Plate Barding Armor
36:58 Cavalier
37:09 Onager
38:57 Town Patrol
38:31 Savar
40:30 Two-Man Saw
40:05 Crop Rotation
Connection lost

Rejoining the realm…

Still unreachable

The connection could not be restored.

Session expired

The server has moved on; the page needs a fresh start.